 Dungeon Crawl Stone Soup version 0.30-a0-782-ge64f9170bb (webtiles) character file.

Game seed: 1766942968677839649

49 Dirtsage the Sneak (level 3, -1/24 HPs)
             Began as a Vampire Brigand on Mar 2, 2023.
             Slain by a crimson imp (2 damage)
             ... summoned by Natasha
             ... on level 2 of the Dungeon.
             The game lasted 00:03:53 (1461 turns).

Dirtsage the Sneak (Vampire Brigand)                Turns: 1461, Time: 00:03:54

Health: -1/24      AC:  7    Str: 10    XL:     3   Next: 53%
Magic:  3/3        EV: 10    Int: 13    God:
Gold:   74         SH:  0    Dex: 17    Spells: 2/2 levels left

rFire   . . .      SeeInvis +    a - +2 dagger
rCold   . . .      Faith    .    (no shield)
rNeg    . . .      Spirit   .    k - +0 ring mail
rPois   .          Reflect  .    (no helmet)
rElec   .          Harm     .    c - +0 cloak
rCorr   .          Rampage  .    (no gloves)
Will    .....                    l - +0 pair of boots
Stlth   +++                      (no amulet)
HPRegen 0.44/turn                (no ring)
MPRegen 0.08/turn                (no ring)

@: healing quickly
A: alive, fangs 3, see invisible, vampiric 2, [frail 1]
a: Exsanguinate


You were on level 2 of the Dungeon.
You visited 1 branch of the dungeon, and saw 2 of its levels.

You collected 74 gold pieces.

Inventory:

Hand Weapons
 a - a +2 dagger (weapon)
Missiles
 d - 9 poisoned darts (quivered)
 e - 3 curare-tipped darts
Armour
 b - a +0 robe
 c - a +0 cloak (worn)
 i - a scarf of repulsion
 k - a +0 ring mail (worn)
 l - a +0 pair of boots (worn)
Magical Staves
 n - a staff of poison
Jewellery
 m - an amulet of faith
Scrolls
 f - a scroll of teleportation {unknown}
 g - a scroll of blinking {unknown}
 h - 2 scrolls of identify {unknown}
Potions
 j - a potion of curing {unknown}


   Skills:
 - Level 1.7 Fighting
 - Level 2.1(3.0) Short Blades
 * Level 2.7(3.0) Long Blades
 - Level 1.5 Throwing
 - Level 1.1 Dodging
 + Level 6.5 Stealth


You had 2 spell levels left.
You didn't know any spells.
Your spell library contained the following spells:

 Spells                   Type           Power      Damage    Failure   Level
 Kiss of Death            Conj/Necr      0%         2d5       63%         1
 Confusing Touch          Hex            0%         N/A       94%         3
 Inner Flame              Hex/Fire       0%         N/A       94%         3
 Dispel Undead            Necr           0%         3d6       100%        4
 Flame Wave               Conj/Fire      0%         2d4       100%        4
 Sticky Flame             Conj/Fire      0%         2d3       100%        4


Dungeon Overview and Level Annotations

Branches:
Dungeon (2/15)

Altars:

Annotations:
D:2 Natasha


Innate Abilities, Weirdness & Mutations

Your natural rate of healing is accelerated.
You have razor-sharp teeth.
You have supernaturally acute eyesight. (SInv)
You are afflicted with vampirism and can become a bat while bloodless.
[You are frail. (-10% HP)]


Message History

The rat is moderately wounded.
The rat bites you but does no damage.
You hit the rat.
You kill the rat!
Natasha, Servant of Life and Death comes into view.
She is carrying a wand of quicksilver (6).
The ball python misses you. x2
Natasha hisses angrily.
You hit the ball python.
The ball python is heavily wounded.
The ball python barely misses you. x2
You closely miss the ball python.
The ball python is heavily wounded.
The ball python bites you. The ball python barely misses you.
You take 3 damage, and have 21/24 hp.
You hit the ball python.
You kill the ball python!
You hit the kobold.
You kill the kobold!
Natasha casts a spell.
Natasha claws you.
You closely miss Natasha. Your bite misses Natasha. You hit Natasha.
Natasha is moderately wounded.
Natasha claws you. The crimson imp puffs mist at you.
You take 4 damage, and have 17/24 hp.
You completely miss Natasha.
Natasha is moderately wounded.
Natasha claws you but does no damage. The crimson imp closely misses you.
You completely miss Natasha. Your bite misses Natasha.
Natasha is moderately wounded.
Natasha barely misses you. The crimson imp closely misses you.
You hit Natasha.
Natasha is heavily wounded.
Natasha zaps a wand.
The bolt of dispelling energy hits you!!
Ouch! That really hurt!
* * * LOW HITPOINT WARNING * * *
The crimson imp hits you.
You die...

########### #.........#
#.........##########
#..)......##........
#..@......##........
#.h5................
............##).......
..........8...######.###
....#.........# #.#
..............# #.#
.....#####....# #.#
..... ###### ####.##
##.....##


You could see Natasha and a crimson imp (summoned).

Vanquished Creatures
  An adder zombie (D:2)
  A worm (D:2)
  A dart slug (D:1)
  5 ball pythons
  2 bat skeletons (D:2)
  A bat zombie (D:2)
  3 endoplasms
  3 goblins
  3 hobgoblins (D:1)
  A quokka (D:1)
  A ball python skeleton (D:2)
  3 bats (D:1)
  2 frilled lizards
  3 giant cockroach zombies (D:2)
  6 kobolds
  3 rats
39 creatures vanquished.

Notes
Turn   | Place    | Note
-------+----------+-------------------------------------------
     0 | D:1      | Dirtsage the Vampire Brigand began the quest for the Orb.
     0 | D:1      | Reached XP level 1. HP: 16/16 MP: 1/1
   138 | D:1      | Reached skill level 1 in Long Blades
   352 | D:1      | Reached skill level 6 in Stealth
   361 | D:1      | You fall into a shaft and drop 1 floor!
   414 | D:1      | Reached XP level 2. HP: 6/17 MP: 2/2
  1201 | D:2      | Gained mutation: You are afflicted with vampirism and can
                  | become a bat while bloodless. [Vampire growth]
  1201 | D:2      | Reached XP level 3. HP: 24/24 MP: 3/3
  1451 | D:2      | Noticed Natasha
  1461 | D:2      | HP: 1/24 [Natasha/bolt of dispelling energy (18)]
  1461 | D:2      | Slain by a crimson imp

Illustrated notes

Levels and vault maps discovered:
D:1:      spicycebolla_arrival_ecumenical, layout_basic
D:2:      layout_rooms, serial_undead, serial_undead_d, serial_undead_d,
          serial_undead_a, serial_undead_f, uniq_natasha

Skill      XL: |  1  2 |
---------------+-------+-----
Long Blades    | 1 2 |  2.7
Stealth        | 6 |  6.5
Fighting       | |  1.7
Short Blades   | |  2.1
Throwing       | |  1.5
Dodging        | |  1.1

Action                     || total
---------------------------++-------
  Melee: Dagger            ||   131
         Bite              ||    14
         Punch             ||     1
Ability: Exsanguinate      ||     1
         Revivify          ||     1
   Stab: Sleeping          ||     8
         Distracted        ||     1
 Armour: Robe              ||    30
         Ring mail         ||     9
  Dodge: Dodged            ||    74

Table legend: (Time is in decaauts)
 A = Elapsed time spent in this place.
 B = Non-inter-level travel time spent in this place.
 C = Inter-level travel time spent in this place.
 D = Time resting spent in this place.
 E = Time spent auto-exploring this place.
 F = Levels seen in this place.
 G = Mean time per level.
                   A        B        C        D        E       F      G
               +--------+--------+--------+--------+--------+-----+--------+
         Total |   1447 |   1380 |     67 |     49 |    996 |   2 |  723.5 |
       Dungeon |   1447 |   1380 |     67 |     49 |    996 |   2 |  723.5 |
               +--------+--------+--------+--------+--------+-----+--------+

Top non-repeatable levels by time:
     D:1: 1074 daAuts
     D:2: 373 daAuts
